[Event "ICC tourney 2151 (70 10)"]
[Site "Internet Chess Club"]
[Date "2020.11.21"]
[Round "3"]
[White "RhettLangseth"]
[Black "penguinwizard"]
[Result "1-0"]
[ICCResult "Black resigns"]
[WhiteElo "2168"]
[BlackElo "2111"]
[Opening "Queen's pawn game"]
[ECO "D00"]
[NIC "QP.07"]
[Time "19:31:24"]
[TimeControl "4200+10"]

1. d4 Nf6 2. Nc3 d5 3. Bf4 e6 4. e3 Be7 5. Bd3 c5 6. Nb5 Na6 7. c3 Qb6 8. a4
c4 9. Bc2 Bd7 10. b4 cxb3 11. Bd3 b2 12. Ra2 O-O 13. Rxb2 Qa5 14. Qb3 Rfc8
15. Ne2 Bxb5 16. Qxb5 Qxb5 17. Rxb5 b6 18. a5 Nd7 19. Rb1 Nc7 20. Bc2 Ne8
21. Ba4 Nef6 22. g4 Nf8 23. Bb5 Ng6 24. Bg3 Ne4 25. Ba6 Nxg3 26. hxg3 Rc7
27. axb6 axb6 28. Bd3 Rb8 29. Kd2 Bd8 30. Ra1 h6 31. Rhb1 Ne7 32. Ra6 Rcb7
33. Bb5 Nc8 34. Nf4 Nd6 35. Nd3 Ne4+ 36. Kc2 Rc7 37. Rb3 Rbc8 38. Kb2 Rxc3
39. Rxc3 Nxc3 40. Bd7 Rc7 41. Ba4 Nxa4+ 42. Rxa4 Rc8 43. Ne5 Bc7 44. Nd3 Kf8
45. Kb3 Bd6 46. Ra6 Rb8 47. Ka4 b5+ 48. Kb3 Rb7 49. Nc5 Bxc5 50. dxc5 Ke7
51. Kb4 Kd8 52. c6 Rc7 53. Kxb5 Ke7 54. Kc5 f5 55. gxf5 exf5 56. Rb6 f4 57.
gxf4 Kd8 58. Rb8+ Rc8 59. Rb7 Rc7 60. Kd6 {Black resigns} 1-0

[Event "ICC tourney 2151 (70 10)"]
[Site "Internet Chess Club"]
[Date "2020.11.22"]
[Round "4"]
[White "Bluesman64"]
[Black "clair"]
[Result "0-1"]
[ICCResult "White resigns"]
[WhiteElo "1553"]
[BlackElo "1720"]
[Opening "Robatsch (modern) defense"]
[ECO "B06"]
[NIC "KF.05"]
[Time "12:31:11"]
[TimeControl "4200+10"]

1. e4 g6 2. d4 Bg7 3. Nf3 e6 4. Bd3 Ne7 5. c3 b6 6. O-O O-O 7. Be3 Bb7 8.
Nbd2 h6 9. Re1 d6 10. Qc2 Nd7 11. Rad1 c5 12. e5 cxd4 13. Bxd4 dxe5 14. Nxe5
Nxe5 15. Bxe5 Nc6 16. Bxg7 Kxg7 17. Nc4 Rc8 18. Bf1 Qg5 19. Nd6 Rb8 20. Nxb7
Rxb7 21. Qe4 Rc7 22. g3 Rd8 23. Rd6 Rxd6 {White resigns} 0-1

[Event "ICC tourney 2151 (70 10)"]
[Site "Internet Chess Club"]
[Date "2020.11.22"]
[Round "4"]
[White "Zaidalaa"]
[Black "yogeshchess77"]
[Result "0-1"]
[ICCResult "White resigns"]
[WhiteElo "1873"]
[BlackElo "2039"]
[Opening "Sicilian: Grand Prix attack"]
[ECO "B23"]
[NIC "SI.44"]
[Time "12:30:59"]
[TimeControl "4200+10"]

1. e4 c5 2. Nc3 Nc6 3. f4 d6 4. Nf3 Nf6 5. g3 e6 6. Bg2 Be7 7. O-O O-O 8. d3
a6 9. a4 Rb8 10. e5 dxe5 11. Nxe5 Nd4 12. Ne4 Nd5 13. c3 Nf5 14. Qf3 Qc7 15.
Bh3 Nd6 16. Be3 Nxe3 17. Qxe3 b6 18. a5 Nxe4 19. dxe4 b5 20. c4 Bd6 21. cxb5
axb5 22. Rfc1 c4 23. Nf3 Bc5 24. Nd4 e5 25. Bxc8 Bxd4 26. Qxd4 exd4 27. Bg4
Ra8 28. a6 Qb6 {White resigns} 0-1

[Event "ICC tourney 2151 (70 10)"]
[Site "Internet Chess Club"]
[Date "2020.11.22"]
[Round "4"]
[White "spellking98"]
[Black "chesslin"]
[Result "1-0"]
[ICCResult "Black resigns"]
[WhiteElo "2169"]
[BlackElo "1943"]
[Opening "Robatsch (modern) defense"]
[ECO "A40"]
[NIC "KF.05"]
[Time "12:31:02"]
[TimeControl "4200+10"]

1. d4 g6 2. e4 Bg7 3. g3 d6 4. Bg2 Nd7 5. Ne2 Rb8 6. O-O b6 7. Nbc3 Bb7 8.
f4 f5 9. exf5 gxf5 10. Bxb7 Rxb7 11. d5 Ngf6 12. Nd4 O-O 13. Ne6 Qc8 14.
Nxf8 Qxf8 15. Re1 Nc5 16. a4 a6 17. Ra3 Rb8 18. b4 Ncd7 19. Ne2 Qf7 20. c4
Qh5 21. Kg2 Ng4 22. h3 Ndf6 23. hxg4 Nxg4 24. Rh1 Qg6 25. Nd4 Kh8 26. Ne6
Bf6 27. Qe2 a5 28. b5 Rg8 29. Bb2 h6 30. Bxf6+ Qxf6 31. Qd2 Qg6 32. Qd4+ Kh7
33. Ng5+ {Black resigns} 1-0

[Event "ICC tourney 2151 (70 10)"]
[Site "Internet Chess Club"]
[Date "2020.11.22"]
[Round "4"]
[White "RagingKnightNC"]
[Black "zchen15"]
[Result "0-1"]
[ICCResult "White resigns"]
[WhiteElo "2127"]
[BlackElo "1998"]
[Opening "Sicilian: Kan variation"]
[ECO "B41"]
[NIC "SI.41"]
[Time "12:31:17"]
[TimeControl "4200+10"]

1. e4 c5 2. Nf3 e6 3. d4 cxd4 4. Nxd4 a6 5. g3 Qc7 6. Bg2 b5 7. O-O Bb7 8.
Re1 d6 9. Nc3 Nd7 10. f4 Ngf6 11. e5 Bxg2 12. exf6 Bb7 13. fxg7 Bxg7 14. Nf5
Qc5+ 15. Ne3 O-O-O 16. Bd2 d5 17. Ne2 d4 18. Ng4 Qc6 {White resigns} 0-1

[Event "ICC tourney 2151 (70 10)"]
[Site "Internet Chess Club"]
[Date "2020.11.22"]
[Round "4"]
[White "sirking2800"]
[Black "lucagt2010"]
[Result "1-0"]
[ICCResult "Black resigns"]
[WhiteElo "1910"]
[BlackElo "1827"]
[Opening "Sicilian: accelerated fianchetto, modern variation with Bc4"]
[ECO "B35"]
[NIC "SI.33"]
[Time "12:31:05"]
[TimeControl "4200+10"]

1. e4 c5 2. Nf3 Nc6 3. d4 cxd4 4. Nxd4 g6 5. Nc3 Bg7 6. Be3 Nf6 7. Bc4 O-O
8. Qd2 Ng4 9. Nxc6 bxc6 10. Bd4 Ne5 11. Bb3 d6 12. f4 Nd7 13. Bxg7 Kxg7 14.
Qd4+ Kg8 15. O-O Nc5 16. Bc4 Rb8 17. b3 a5 18. f5 e5 19. Qe3 Qh4 20. Rf3 Kh8
21. Raf1 gxf5 22. exf5 Qd4 23. Qxd4 exd4 24. Ne2 d5 25. Bd3 Nxd3 26. cxd3 c5
27. Rc1 Rb5 28. Kf2 Re8 29. g4 Bb7 30. g5 a4 31. Nf4 axb3 32. axb3 c4 33. g6
hxg6 34. fxg6 fxg6 35. Nxg6+ Kg7 36. Rg1 Rb6 37. Nf8+ {Black resigns} 1-0

[Event "ICC tourney 2151 (70 10)"]
[Site "Internet Chess Club"]
[Date "2020.11.22"]
[Round "4"]
[White "TheKetchupKing"]
[Black "DankMemer"]
[Result "1-0"]
[ICCResult "Black checkmated"]
[WhiteElo "1915"]
[BlackElo "1657"]
[Opening "French: exchange variation"]
[ECO "C01"]
[NIC "FR.01"]
[Time "12:31:10"]
[TimeControl "4200+10"]

1. e4 e6 2. d4 d5 3. exd5 exd5 4. Nf3 Nf6 5. Bd3 Bd6 6. O-O O-O 7. Bg5 Bg4
8. Nbd2 h6 9. Bh4 Nbd7 10. c3 c5 11. h3 Bh5 12. Qc2 Rc8 13. g4 Bg6 14. Bxg6
fxg6 15. Qxg6 Qc7 16. g5 hxg5 17. Nxg5 Rce8 18. Rae1 Rxe1 19. Rxe1 Qb6 20.
dxc5 Nxc5 21. b4 Nce4 22. Ndxe4 dxe4 23. Nxe4 Nxe4 24. Qxe4 Kh8 25. Qe3 Qc6
26. Bg3 Bxg3 27. fxg3 Rf3 28. Qe8+ Qxe8 29. Rxe8+ Kh7 30. Rc8 Rxg3+ 31. Kh2
Rd3 32. a4 Kg6 33. Rc7 Rd2+ 34. Kg3 Rc2 35. Kg4 a5 36. bxa5 Ra2 37. Rc4 Ra3
38. h4 Kh6 39. Kf5 g6+ 40. Ke6 g5 41. hxg5+ Kxg5 42. Kd6 Kf5 43. Kc7 Ke5 44.
Kxb7 Kd5 45. Rc8 Rxa4 46. a6 Ra1 47. a7 Rb1+ 48. Kc7 Kc4 49. a8=Q Kxc3 50.
Kd6+ Kb2 51. Qb7+ Ka1 52. Ra8# {Black checkmated} 1-0

[Event "ICC tourney 2151 (70 10)"]
[Site "Internet Chess Club"]
[Date "2020.11.22"]
[Round "4"]
[White "breaker90"]
[Black "greenninja"]
[Result "1-0"]
[ICCResult "Black resigns"]
[WhiteElo "2130"]
[BlackElo "1980"]
[Opening "Sicilian: Najdorf"]
[ECO "B90"]
[NIC "SI.14"]
[Time "12:31:44"]
[TimeControl "4200+10"]

1. e4 c5 2. Nf3 d6 3. d4 cxd4 4. Nxd4 Nf6 5. Nc3 a6 6. f3 e5 7. Nb3 Be6 8.
Be3 Nbd7 9. g4 b5 10. g5 Nh5 11. Qd2 Be7 12. O-O-O Nb6 13. Nd5 Nxd5 14. exd5
Bd7 15. Rg1 a5 16. Kb1 a4 17. Nc1 a3 18. b3 O-O 19. Nd3 Qc7 20. Nxe5 dxe5
21. d6 Bxd6 22. Qxd6 Qc3 23. Bc1 Bf5 24. Qd2 Qc6 25. Bd3 Bxd3 26. Qxd3 Nf4
27. Bxf4 exf4 28. Rge1 Rac8 29. Re4 Qc7 30. c4 bxc4 31. Rxc4 Qe5 32. Qd4
Qxg5 33. Qxf4 Qg2 34. Qd2 Qxf3 35. Rxc8 Qf5+ 36. Rc2 {Black resigns} 1-0

[Event "ICC tourney 2151 (70 10)"]
[Site "Internet Chess Club"]
[Date "2020.11.22"]
[Round "4"]
[White "Mapking1"]
[Black "premierchess"]
[Result "1-0"]
[ICCResult "Black resigns"]
[WhiteElo "1828"]
[BlackElo "2170"]
[Opening "Caro-Kann: exchange variation"]
[ECO "B13"]
[NIC "CK.02"]
[Time "12:31:16"]
[TimeControl "4200+10"]

1. e4 c6 2. d4 d5 3. exd5 cxd5 4. Bd3 Nc6 5. c3 Nf6 6. h3 e5 7. dxe5 Nxe5 8.
Qe2 Qe7 9. Bc2 Nc4 10. Nd2 Bd7 11. Nxc4 dxc4 12. Bg5 O-O-O 13. Be3 Bc6 14.
Nf3 Nd5 15. O-O-O Nxe3 16. Rxd8+ Kxd8 17. fxe3 Kc8 18. Nd4 Bd5 19. Rd1 g6
20. Kb1 Bh6 21. e4 Be6 22. Nxe6 Qxe6 23. Rd4 b5 24. Rd5 a6 25. a4 Rd8 26.
axb5 Rxd5 27. Qxc4+ Kb8 28. exd5 Qe1+ 29. Ka2 axb5 30. Qxb5+ Kc7 31. Qc6+
Kd8 32. Ba4 Qe7 33. d6 Qe6+ 34. c4 {Black resigns} 1-0

[Event "ICC tourney 2151 (70 10)"]
[Site "Internet Chess Club"]
[Date "2020.11.22"]
[Round "4"]
[White "python0812"]
[Black "qiaoqiaoszx"]
[Result "0-1"]
[ICCResult "White resigns"]
[WhiteElo "2037"]
[BlackElo "2146"]
[Opening "Sicilian: Prins (Moscow) variation"]
[ECO "B55"]
[NIC "SI.01"]
[Time "12:31:02"]
[TimeControl "4200+10"]

1. e4 c5 2. Nf3 d6 3. d4 cxd4 4. Nxd4 Nf6 5. f3 g6 6. c4 Bg7 7. Nc3 O-O 8.
Be3 Nc6 9. Qd2 Qa5 10. Be2 Rd8 11. O-O Nxd4 12. Bxd4 e6 13. Rab1 Ne8 14. b4
Bxd4+ 15. Qxd4 Qb6 16. Qxb6 axb6 17. Rfd1 Bd7 18. Rd2 Ra3 19. Rb3 Raa8 20.
Kf2 Kg7 21. Ke3 Kf6 22. f4 Ke7 23. g4 Ng7 24. Bd3 Rdc8 25. f5 g5 26. Rf2 Ne8
27. a3 Nf6 28. h3 h5 29. Rg2 hxg4 30. hxg4 Rh8 31. Kd4 Rh3 32. c5 bxc5+ 33.
bxc5 dxc5+ 34. Kc4 b5+ 35. Nxb5 Bxb5+ 36. Rxb5 Ra4+ 37. Kxc5 Rxd3 38. Rb7+
Nd7+ 39. Kc6 Rc3+ 40. Kb5 Raxa3 41. fxe6 Kxe6 {White resigns} 0-1

[Event "ICC tourney 2151 (70 10)"]
[Site "Internet Chess Club"]
[Date "2020.11.22"]
[Round "4"]
[White "alexdora"]
[Black "satyamalugu"]
[Result "1-0"]
[ICCResult "Black resigns"]
[WhiteElo "2018"]
[BlackElo "2109"]
[Opening "Sicilian: Alapin's variation (2.c3)"]
[ECO "B22"]
[NIC "SI.47"]
[Time "12:31:18"]
[TimeControl "4200+10"]

1. e4 c5 2. c3 Nf6 3. e5 Nd5 4. d4 cxd4 5. Nf3 e6 6. cxd4 d6 7. a3 Nd7 8.
Bd3 Qc7 9. O-O dxe5 10. dxe5 Be7 11. Qe2 O-O 12. Bd2 Rd8 13. Rc1 Qb8 14. Nc3
Nxc3 15. Bxc3 Nc5 16. Bc2 Bd7 17. Bb4 Rc8 18. Bxc5 Bxc5 19. Qd3 Bc6 20.
Qxh7+ Kf8 21. Qh8+ Ke7 22. Qxg7 Bxf3 23. Qf6+ Ke8 24. gxf3 Be7 25. Ba4+ b5
26. Rxc8+ Qxc8 27. Bxb5+ Kd8 28. Rd1+ {Black resigns} 1-0

[Event "ICC tourney 2151 (70 10)"]
[Site "Internet Chess Club"]
[Date "2020.11.22"]
[Round "4"]
[White "randomusername"]
[Black "Monkeybomb3605"]
[Result "1-0"]
[ICCResult "Black resigns"]
[WhiteElo "2052"]
[BlackElo "2042"]
[Opening "King's Indian: fianchetto, Uhlmann (Szabo) variation"]
[ECO "E62"]
[NIC "KI.72"]
[Time "12:31:07"]
[TimeControl "4200+10"]

1. d4 Nf6 2. c4 g6 3. g3 Bg7 4. Bg2 O-O 5. Nc3 d6 6. Nf3 Nc6 7. O-O e5 8. d5
Nb8 9. e4 a5 10. h3 Na6 11. Be3 Nd7 12. a3 f5 13. exf5 gxf5 14. Ng5 Nf6 15.
f4 e4 16. g4 fxg4 17. f5 gxh3 18. Bxh3 Nc5 19. Kh1 Qe8 20. Qe1 Qh5 21. Qg3
h6 22. Ne6 Bxe6 23. Rg1 Ng4 24. dxe6 {Black resigns} 1-0

[Event "ICC tourney 2151 (70 10)"]
[Site "Internet Chess Club"]
[Date "2020.11.22"]
[Round "4"]
[White "hollyelf"]
[Black "DLWarrior"]
[Result "1-0"]
[ICCResult "Black resigns"]
[WhiteElo "2110"]
[BlackElo "1942"]
[Opening "French: advance, Euwe variation"]
[ECO "C02"]
[NIC "FR.03"]
[Time "12:31:04"]
[TimeControl "4200+10"]

1. e4 e6 2. d4 d5 3. e5 c5 4. c3 Nc6 5. Nf3 Bd7 6. a3 cxd4 7. cxd4 Qb6 8. b4
Nge7 9. Be3 Nf5 10. Bd3 Nxe3 11. fxe3 Be7 12. O-O Rc8 13. Kh1 O-O 14. Nbd2
f6 15. exf6 Bxf6 16. Nb3 Be8 17. Nc5 Nb8 18. Ne5 Rc7 19. Qg4 Re7 20. Rf4 Nd7
21. Ncxd7 Bxd7 22. Raf1 Bb5 23. Rxf6 Rxf6 24. Rxf6 Bxd3 25. Nxd3 Qa6 26. Nc5
Qxa3 27. h3 Qxe3 28. Nxe6 {Black resigns} 1-0

[Event "ICC tourney 2151 (70 10)"]
[Site "Internet Chess Club"]
[Date "2020.11.22"]
[Round "4"]
[White "mopaska1106"]
[Black "Vladlena85"]
[Result "0-1"]
[ICCResult "White resigns"]
[WhiteElo "2026"]
[BlackElo "2188"]
[Opening "English: Neo-Catalan"]
[ECO "A13"]
[NIC "RE.11"]
[Time "12:31:11"]
[TimeControl "4200+10"]

1. Nf3 Nf6 2. c4 e6 3. g3 d5 4. Bg2 c5 5. O-O Nc6 6. b3 Be7 7. Bb2 d4 8. d3
O-O 9. Na3 e5 10. Nc2 Bg4 11. e4 Qd7 12. Qd2 Nh5 13. Rae1 f5 14. Nfxd4 cxd4
15. h3 f4 16. hxg4 Qxg4 17. gxf4 Nxf4 18. f3 Qg3 19. Rb1 Bg5 {White resigns}
0-1

[Event "ICC tourney 2151 (70 10)"]
[Site "Internet Chess Club"]
[Date "2020.11.22"]
[Round "4"]
[White "BreatheChessAls"]
[Black "Rancid-Gambit"]
[Result "1/2-1/2"]
[ICCResult "Game drawn by repetition"]
[WhiteElo "1941"]
[BlackElo "1961"]
[Opening "Queen's pawn"]
[ECO "A40"]
[NIC "QO.17"]
[Time "12:31:27"]
[TimeControl "4200+10"]

1. d4 e6 2. Bf4 f5 3. e3 Nf6 4. Nf3 b6 5. Nbd2 Bb7 6. c3 Bd6 7. Bxd6 cxd6 8.
Nc4 Qc7 9. Ncd2 O-O 10. Be2 Nc6 11. O-O Kh8 12. c4 e5 13. d5 Ne7 14. b4 Ng6
15. Rc1 a5 16. a3 axb4 17. axb4 Ra2 18. Ra1 Rfa8 19. Rxa2 Rxa2 20. Qb1 Ra4
21. Bd1 Ra3 22. Qxf5 b5 23. cxb5 Bxd5 24. Qc2 Qb7 25. Nc4 Bxc4 26. Qxc4 d5
27. Qc1 Ra8 28. Be2 Ne4 29. Qb2 Re8 30. h4 d6 31. Ra1 Rf8 32. Qa3 Nxf2 33.
Kxf2 e4 34. Qa7 Qc8 35. b6 exf3 36. Bxf3 Nxh4 37. b7 Qc2+ 38. Kg1 Nxf3+ 39.
gxf3 Qg6+ 40. Kf2 Qc2+ 41. Ke1 Qc3+ 42. Kd1 Qb3+ 43. Kc1 Qc3+ 44. Kd1 Qd3+
45. Ke1 Qc3+ 46. Kf2 Qc2+ 47. Ke1 Qc3+ 48. Kf2 Qc2+ 49. Ke1 Qc3+ 50. Kf2
{Game drawn by repetition}
1/2-1/2

[Event "ICC tourney 2151 (70 10)"]
[Site "Internet Chess Club"]
[Date "2020.11.22"]
[Round "4"]
[White "AlexandreKaram"]
[Black "gitb98"]
[Result "1-0"]
[ICCResult "Black resigns"]
[WhiteElo "1862"]
[BlackElo "1958"]
[Opening "Caro-Kann: two knights variation"]
[ECO "B11"]
[NIC "CK.01"]
[Time "12:31:03"]
[TimeControl "4200+10"]

1. e4 c6 2. Nc3 d5 3. Nf3 dxe4 4. Nxe4 Bf5 5. Ng3 Bg6 6. h4 h6 7. Ne5 Bh7 8.
Qh5 g6 9. Qf3 Nf6 10. Qb3 Nd5 11. Qxb7 Qc7 12. Qxa8 Nb6 13. Qxb8+ Qxb8 14.
d4 Qd6 15. c3 Bg7 16. Bf4 Nd5 17. Ne4 Qe6 18. Nc5 Qf5 19. Bg3 Qc2 20. Ned3
Nb4 21. cxb4 Qc4 22. Be5 f6 23. Rc1 Qxa2 24. Bf4 Qd5 25. Be3 g5 26. hxg5
fxg5 27. Ne5 Bxe5 28. dxe5 Qxe5 29. Bc4 Qxb2 30. O-O Bf5 31. Rfd1 Qxb4 32.
Ba2 Rf8 33. Ne6 Bxe6 34. Bxe6 Rf6 35. Rb1 Qxb1 36. Rxb1 Rxe6 37. Bxa7 Kf7
38. Kf1 Re4 39. Re1 Rc4 40. f3 Rc2 41. Re5 Rc1+ 42. Kf2 Rc2+ 43. Kg3 Kf6 44.
Bd4 Rd2 45. Bc3 Rc2 46. Rc5+ Ke6 47. Rxc6+ Kd5 48. Rc7 Kd6 49. Be5+ Kxe5 50.
Rxc2 {Black resigns} 1-0

[Event "ICC tourney 2151 (70 10)"]
[Site "Internet Chess Club"]
[Date "2020.11.22"]
[Round "4"]
[White "bworkman62189"]
[Black "aminsamani99"]
[Result "0-1"]
[ICCResult "White resigns"]
[WhiteElo "1600"]
[BlackElo "1802"]
[Opening "Caro-Kann: Goldman (Spielmann) variation"]
[ECO "B11"]
[NIC "CK.01"]
[Time "12:31:01"]
[TimeControl "4200+10"]

1. e4 c6 2. Nc3 d5 3. Qf3 dxe4 4. Nxe4 Nd7 5. d4 Ngf6 6. Bc4 Qa5+ 7. c3 Qh5
8. Nxf6+ Nxf6 9. Qxh5 Nxh5 10. Nf3 Nf6 11. Ne5 Nd5 12. Bd3 g6 13. Bd2 Bg7
14. h4 Bf5 15. Bxf5 gxf5 16. O-O-O Nf6 17. f3 h5 18. Rde1 Nd5 19. g4 Bxe5
20. Rxe5 fxg4 21. fxg4 hxg4 22. h5 Kd7 23. h6 f6 24. Re2 Rag8 25. Rhe1 b5
26. b3 Rh7 27. Rf1 g3 28. Rg2 a5 29. Rfg1 b4 30. cxb4 axb4 31. Rxg3 Rxg3 32.
Rxg3 f5 33. Rg7 Rh8 34. Bg5 Ke6 35. Kd2 Nf6 36. Kd3 Nd5 37. Rg6+ Kd7 38. Kc4
f4 39. Kc5 f3 40. Bh4 Nf4 41. Rg7 Ne6+ {White resigns} 0-1

[Event "ICC tourney 2151 (70 10)"]
[Site "Internet Chess Club"]
[Date "2020.11.22"]
[Round "4"]
[White "mexicoreal"]
[Black "Yucheng"]
[Result "1/2-1/2"]
[ICCResult "Game drawn by mutual agreement"]
[WhiteElo "2031"]
[BlackElo "1887"]
[Opening "Evans gambit: Tartakower attack"]
[ECO "C52"]
[NIC "IG.05"]
[Time "12:31:02"]
[TimeControl "4200+10"]

1. e4 e5 2. Nf3 Nc6 3. Bc4 Bc5 4. b4 Bxb4 5. c3 Ba5 6. d4 d6 7. Qb3 Qd7 8.
dxe5 Nxe5 9. Nxe5 dxe5 10. O-O Bb6 11. Ba3 Nh6 12. h3 a6 13. Qb4 Qd6 14.
Qxd6 cxd6 15. Bxd6 f6 16. Bd5 Nf7 17. Ba3 Nd8 18. Nd2 Be6 19. Bxe6 Nxe6 20.
Rab1 Bc5 21. Bxc5 Nxc5 22. f3 O-O-O 23. Nc4 Ne6 24. Nb6+ Kb8 25. Nd5 Nf4
{Game drawn by mutual agreement}
1/2-1/2

[Event "ICC tourney 2151 (70 10)"]
[Site "Internet Chess Club"]
[Date "2020.11.22"]
[Round "4"]
[White "penguinwizard"]
[Black "HarleyQueen8"]
[Result "1-0"]
[ICCResult "Black checkmated"]
[WhiteElo "2126"]
[BlackElo "1878"]
[Opening "QGA: classical variation"]
[ECO "D26"]
[NIC "QG.08"]
[Time "12:31:01"]
[TimeControl "4200+10"]

1. d4 d5 2. c4 dxc4 3. Nf3 Nf6 4. e3 e6 5. Bxc4 c5 6. Nc3 a6 7. a4 Nc6 8.
O-O cxd4 9. exd4 Nb4 10. Qe2 Be7 11. Rd1 O-O 12. Ne5 Nbd5 13. Rd3 Nb4 14.
Rg3 Qxd4 15. Bh6 Ne8 16. Rd1 Qb6 17. Qh5 f5 18. Rh3 Nf6 19. Qg5 Qxf2+ 20.
Kh1 Nh5 21. Qxe7 gxh6 22. Bxe6+ Bxe6 23. Qxe6+ Kh8 24. Rxh5 Rg8 25. Qf6+ Rg7
26. Rd8+ Rxd8 27. Qxd8+ Rg8 28. Qf6+ Rg7 29. Qf8+ Rg8 30. Nf7#
{Black checkmated}
1-0

[Event "ICC tourney 2151 (70 10)"]
[Site "Internet Chess Club"]
[Date "2020.11.22"]
[Round "4"]
[White "dogetk"]
[Black "RhettLangseth"]
[Result "1-0"]
[ICCResult "Black checkmated"]
[WhiteElo "1834"]
[BlackElo "2102"]
[Opening "Old Indian: main line"]
[ECO "A55"]
[NIC "QP.07"]
[Time "12:31:05"]
[TimeControl "4200+10"]

1. d4 Nf6 2. c4 d6 3. Nf3 Nbd7 4. Nc3 e5 5. e4 exd4 6. Nxd4 g6 7. Be2 Bg7 8.
Bg5 h6 9. Be3 O-O 10. O-O Re8 11. f3 Nb6 12. Qd2 Kh7 13. Rad1 Qe7 14. Rfe1
d5 15. cxd5 Nfxd5 16. Nxd5 Nxd5 17. Bf2 Nb6 18. f4 Bd7 19. Bf3 Red8 20. Qc2
c5 21. Nb3 c4 22. Nc5 Bc6 23. e5 Bxf3 24. gxf3 Rac8 25. Ne4 Rc7 26. Rxd8
Qxd8 27. Rd1 Rd7 28. Rxd7 Qxd7 29. Nd6 Qc6 30. Qe4 f6 31. Qxc6 bxc6 32. Bxb6
axb6 33. Nxc4 fxe5 34. Nxe5 g5 35. b4 c5 36. b5 gxf4 37. Nc4 Kg6 38. Nxb6
Kf7 39. Kf1 Ke6 40. Ke2 Kd6 41. Kd3 Bd4 42. Kc4 Be3 43. a4 Bd2 44. Nd5 h5
45. Nf6 Ke5 46. Nxh5 Bb4 47. Ng7 Kd6 48. Nf5+ Ke6 49. Nd4+ Kd6 50. Nb3 Be1
51. Nxc5 Bh4 52. Nd3 Bg5 53. a5 Bh6 54. a6 Kc7 55. Nb4 Kb6 56. Nd5+ Ka7 57.
Kc5 Bf8+ 58. Kc6 Bg7 59. Nc7 Bd4 60. h4 Bf2 61. h5 Bd4 62. h6 Bb6 63. h7 Ba5
64. h8=Q Bxc7 65. Qh7 Ka8 66. b6 Kb8 67. Qxc7+ Ka8 68. Qc8# {Black
checkmated} 1-0

[Event "ICC tourney 2151 (70 10)"]
[Site "Internet Chess Club"]
[Date "2020.11.22"]
[Round "4"]
[White "gardemarin13"]
[Black "Dominator95"]
[Result "0-1"]
[ICCResult "White resigns"]
[WhiteElo "1926"]
[BlackElo "2079"]
[Opening "French: Steinitz, Boleslavsky variation"]
[ECO "C11"]
[NIC "FR.04"]
[Time "12:31:05"]
[TimeControl "4200+10"]

1. e4 e6 2. d4 d5 3. Nc3 Nf6 4. e5 Nfd7 5. f4 c5 6. Nf3 Nc6 7. Be3 cxd4 8.
Nxd4 Bc5 9. Qd2 O-O 10. Be2 a6 11. O-O-O Bxd4 12. Bxd4 b5 13. Bf3 b4 14. Ne2
a5 15. Bf2 Qc7 16. Nd4 Ba6 17. Nxc6 Qxc6 18. Qd4 Rfc8 19. Rd2 Rab8 20. Kb1
a4 21. f5 b3 22. cxb3 axb3 23. a3 Rc7 24. Be3 Rbc8 25. Rf2 Nxe5 26. Qc3 Qxc3
27. bxc3 Nd3 28. Rd2 Rxc3 29. Rdd1 b2 30. Be2 Rxa3 31. Bxd3 Bxd3+ 32. Kxb2
Rca8 33. fxe6 fxe6 34. Ra1 Rxa1 35. Rxa1 Rxa1 36. Kxa1 e5 37. Kb2 d4 38. Bf2
Kf7 39. Kc1 Ke6 40. Kd2 Bf1 41. g3 Kd5 {White resigns} 0-1

[Event "ICC tourney 2151 (70 10)"]
[Site "Internet Chess Club"]
[Date "2020.11.22"]
[Round "4"]
[White "HostilePear"]
[Black "el008"]
[Result "0-1"]
[ICCResult "White checkmated"]
[WhiteElo "1931"]
[BlackElo "1949"]
[Opening "English opening"]
[ECO "A13"]
[NIC "EO.64"]
[Time "12:31:04"]
[TimeControl "4200+10"]

1. c4 e6 2. g3 f5 3. Bg2 Nf6 4. Nc3 Bb4 5. Qb3 Bxc3 6. bxc3 Nc6 7. Ba3 b6 8.
Nh3 Bb7 9. O-O Na5 10. Qa4 Bxg2 11. Kxg2 Nc6 12. Nf4 Kf7 13. d4 Ne7 14. Rad1
g5 15. Nd3 h5 16. Ne5+ Kg7 17. Bc1 g4 18. Bg5 d6 19. Nd3 Ng6 20. Ne5 Qe8 21.
Qxe8 Rhxe8 22. Bxf6+ Kxf6 23. Nxg6 Kxg6 24. f3 e5 25. d5 Rf8 26. Rf2 Rf6 27.
Rdf1 Raf8 28. fxg4 hxg4 29. h3 gxh3+ 30. Kxh3 Kg5 31. e3 Rh8+ 32. Kg2 Kg4
33. Rf3 Rfh6 34. Kf2 Rh2+ 35. Ke1 Rxa2 36. Rxf5 Rhh2 37. R5f2 Rhxf2 38. Rxf2
Rxf2 39. Kxf2 a5 40. Ke2 Kxg3 41. Kd2 Kf3 42. Kd3 e4+ 43. Kd2 Kf2 44. Kc2
Kxe3 45. Kb3 Kd3 46. Ka4 Kxc4 47. Ka3 e3 48. Ka4 e2 49. Ka3 e1=Q 50. Ka4
Qa1# {White checkmated} 0-1

[Event "ICC tourney 2151 (70 10)"]
[Site "Internet Chess Club"]
[Date "2020.11.22"]
[Round "4"]
[White "Kokoro"]
[Black "rdhanekula"]
[Result "0-1"]
[ICCResult "White resigns"]
[WhiteElo "2167"]
[BlackElo "1906"]
[Opening "English: symmetrical variation"]
[ECO "A30"]
[NIC "EO.64"]
[Time "12:31:49"]
[TimeControl "4200+10"]

1. c4 c5 2. Nf3 Nc6 3. d4 cxd4 4. Nxd4 Nf6 5. Nc3 d6 6. g3 g6 7. Nc2 Bg7 8.
Bg2 O-O 9. e4 e5 10. O-O Be6 11. b3 Rc8 12. h3 h6 13. Be3 Qd7 14. Kh2 a6 15.
Qd2 Kh7 16. f4 exf4 17. gxf4 Nh5 18. Rad1 Rcd8 19. Bb6 Rde8 20. Ne2 f5 21.
e5 g5 22. exd6 gxf4 23. Bf3 Ng3 24. Rg1 Ne4 25. Qe1 Ng5 26. Qf2 Ne5 27. Ne1
Ne4 28. Qg2 Rg8 29. Nxf4 Bf8 30. Qf1 Nxf3+ 31. Nxf3 Bxd6 32. Be3 Qc7 33. Nd4
Rxg1 34. Kxg1 Rg8+ 35. Kh2 Bd7 36. Ne2 Bc6 37. Nd4 Ng3 38. Qf2 Nh5 39. Ne6
Qe7 40. Rxd6 Qxd6 41. Bc5 Qe5 42. Bd4 Qe4 43. Nf8+ Rxf8 44. Nxh5 Qh1+ 45.
Kg3 Rg8+ 46. Bg7 Rxg7+ 47. Nxg7 Kxg7 48. Qd4+ Kg6 49. Qd6+ Kh5 50. Qd2 Qg1+
51. Kf4 Qg5+ {White resigns} 0-1

[Event "ICC tourney 2151 (70 10)"]
[Site "Internet Chess Club"]
[Date "2020.11.22"]
[Round "5"]
[White "lucagt2010"]
[Black "Bluesman64"]
[Result "1-0"]
[ICCResult "Black resigns"]
[WhiteElo "1919"]
[BlackElo "1602"]
[Opening "King's Indian: 6.Be2"]
[ECO "E91"]
[NIC "KI.19"]
[Time "16:02:17"]
[TimeControl "4200+10"]

1. d4 Nf6 2. c4 g6 3. Nf3 Bg7 4. Nc3 O-O 5. e4 d6 6. Be2 c6 7. O-O Bf5 8.
exf5 Nbd7 9. fxg6 fxg6 10. d5 c5 11. h3 a6 12. Ng5 Qe8 13. Ne6 Rf7 14. Nc7
{Black resigns}
1-0

[Event "ICC tourney 2151 (70 10)"]
[Site "Internet Chess Club"]
[Date "2020.11.22"]
[Round "5"]
[White "yogeshchess77"]
[Black "alexdora"]
[Result "1/2-1/2"]
[ICCResult "Game drawn by mutual agreement"]
[WhiteElo "2019"]
[BlackElo "1959"]
[Opening "Sicilian: Najdorf, Byrne (English) attack"]
[ECO "B90"]
[NIC "SI.14"]
[Time "16:02:16"]
[TimeControl "4200+10"]

1. e4 c5 2. Nf3 d6 3. d4 cxd4 4. Nxd4 Nf6 5. Nc3 a6 6. Be3 e5 7. Nb3 Be6 8.
f3 Be7 9. Qd2 Qc7 10. O-O-O Nbd7 11. Kb1 b5 12. Qf2 Rb8 13. g4 Nb6 14. h4
O-O 15. g5 Nh5 16. Bh3 b4 17. Ne2 Rfc8 18. Bxb6 Rxb6 19. Bxe6 fxe6 20. Rd2
Rc6 {Game drawn by mutual agreement} 1/2-1/2